 Dungeon Crawl Stone Soup version 0.26.1-11-gd32895ea62 (webtiles) character file.

Game seed: 11173711097650682

27930 RepoMan the Covert (level 13, -1/80 HPs)
             Began as a Kobold Enchanter on July 20, 2021.
             Was an Elder of Wu Jian.
             Slain by a dire elephant (8 damage)
             ... on level 6 of the Lair of Beasts.
             The game lasted 02:27:01 (19522 turns).

RepoMan the Covert (Kobold Enchanter)              Turns: 19522, Time: 02:27:01

Health: -1/80      AC:  8    Str:  7    XL:     13   Next: 69%
Magic:  11/20      EV: 22    Int: 18    God:    Wu Jian [****..]
Gold:   1147       SH:  0    Dex: 23    Spells: 4/21 levels left

rFire    . . .     SeeInvis .   v - +4 short sword (venom)
rCold    . . .     Faith    +   (shield restricted)
rNeg     . . .     Spirit   .   r - +0 steam dragon scales
rPois    .         Reflect  .   x - +0 helmet
rElec    .         Harm     .   (no cloak)
rCorr    .         Rampage  .   b - +0 pair of gloves
Will     .....                  B - +0 pair of boots
Stlth    +++++++...             t - amulet of faith
HPRegen  0.23/turn              p - +6 ring of dexterity
MPRegen  0.17/turn              J - +4 ring of slaying

@: confusing touch
A: small, nightstalker 3
a: Renounce Religion, Wall Jump, Serpent's Lash


You were on level 6 of the Lair of Beasts.
You worshipped Wu Jian.
Wu Jian was greatly pleased with you.
You visited 3 branches of the dungeon, and saw 17 of its levels.

You collected 1561 gold pieces.
You spent 414 gold pieces at shops.

Inventory:

Hand Weapons
 d - a +1 dagger
 h - a +0 falchion of holy wrath
 v - a +4 short sword of venom (weapon)
Missiles
 f - 45 poisoned darts (quivered)
Armour
 b - a +0 pair of gloves (worn)
 r - +0 steam dragon scales (worn)
 x - a +0 helmet (worn)
 B - a +0 pair of boots (worn)
 I - a +0 troll leather armour
Jewellery
 p - a +6 ring of dexterity (left hand)
 t - an amulet of faith (around neck)
 y - an uncursed ring of wizardry
 A - an uncursed amulet of the acrobat {unknown}
 C - the ring of Bajonliel {*Slow +Fly rPois rN+ Int+3}
   (You found it on level 9 of the Dungeon)

   [ring of flight]

   It affects your intelligence (+3).
   It protects you from poison.
   It protects you from negative energy.
   It lets you fly.
   It may slow you when you take damage.
 D - an uncursed ring of resist corrosion
 F - an uncursed ring of protection from fire {unknown}
 J - a +4 ring of slaying (right hand)
 M - an uncursed ring of magical power {unknown}
 X - an uncursed amulet of magic regeneration {unknown}
Wands
 o - a wand of polymorph (1)
 w - a wand of random effects (24)
 G - a wand of digging (1)
 K - a wand of iceblast (8)
 V - a wand of disintegration (14)
 W - a wand of paralysis (11)
Scrolls
 c - 2 scrolls of fear
 e - 3 scrolls of blinking
 i - 3 scrolls of identify
 l - a scroll of immolation
 m - 5 scrolls of remove curse {unknown}
 n - 3 scrolls of magic mapping
 q - 3 scrolls of fog
 s - 5 scrolls of noise {unknown}
 u - 5 scrolls of amnesia
 z - 5 scrolls of teleportation
 E - a scroll of holy word
 H - 2 scrolls of enchant armour
 L - a scroll of summoning
 Q - a scroll of torment
 T - a scroll of silence
 U - 2 scrolls of enchant weapon
Potions
 a - a potion of resistance
 g - 2 potions of flight
 j - 6 potions of curing
 k - 3 potions of brilliance
 N - a potion of lignification
 O - 2 potions of magic
 P - 2 potions of heal wounds
 R - 2 potions of mutation
 S - 2 potions of might


   Skills:
 + Level 9.5 Fighting
 + Level 14.6 Short Blades
 - Level 1.0 Throwing
 + Level 7.6 Dodging
 * Level 14.9 Stealth
 + Level 4.7 Spellcasting
 + Level 11.1 Hexes
 - Level 2.0 Translocations


You had 4 spell levels left.
You knew the following spells:

 Your Spells              Type           Power        Failure   Level
a - Corona                Hex            48%          1%          1
b - Blink                 Tloc           N/A          9%          2
c - Confusing Touch       Hex            44%          1%          3
f - Dazzling Flash        Conj/Hex       48%          4%          3
g - Summon Guardian Gole  Hex/Summ       24%          4%          3
t - Tukima's Dance        Hex            44%          1%          3
z - Ensorcelled Hibernat  Hex/Ice        48%          1%          2

Your spell library contained the following spells:

 Spells                   Type           Power        Failure   Level
 Freeze                   Ice            16%          14%         1
 Summon Small Mammal      Summ           16%          14%         1
 Gell's Gravitas          Tloc           5%           19%         3
 Lesser Beckoning         Tloc           5%           19%         3
 Teleport Other           Tloc           11%          19%         3
 Call Imp                 Summ           4%           21%         2
 Call Canine Familiar     Summ           4%           38%         3
 Frozen Ramparts          Ice            8%           38%         3
 Ozocubu's Armour         Ice            4%           38%         3
 Passage of Golubria      Tloc           N/A          52%         4
 Hailstorm                Conj/Ice       4%           80%         4
 Summon Ice Beast         Ice/Summ       4%           80%         4
 Summon Lightning Spire   Summ/Air       4%           80%         4


Dungeon Overview and Level Annotations

Branches:
Dungeon (10/15)            Temple (1/1) D:5            Lair (6/6) D:10
 Shoals (0/4) Lair:3        Snake (0/4) Lair:2        Slime (0/5) Lair:5
    Orc: D:9-12

Altars:
Ashenzari
Cheibriados
Dithmenos
Elyvilon
Fedhas
Gozag
Hepliaklqana
Kikubaaqudgha
Makhleb
Nemelex Xobeh
Okawaru
Qazlal
Ru
Sif Muna
Trog
Uskayaw
Vehumet
Wu Jian
Xom
Yredelemnul
Zin
The Shining One
Jiyva

Shops:
D:9 ?   D:10 [

Annotations:
Lair:3 exclusion: swamp worm


Innate Abilities, Weirdness & Mutations

You are small and have problems with some larger weapons.
You are completely attuned to the shadows.


Message History

Unknown command.
You hit the dire elephant but do no damage.
You spin and attack the dire elephant repeatedly.
You hit the dire elephant but do no damage. x2
The dire elephant misses you. The dire elephant trunk-slaps you.
Unknown command.
You hit the dire elephant but do no damage.
The dire elephant misses you. x2
You hit the dire elephant but do no damage.
You hit the dire elephant but do no damage.
The dire elephant tramples you!
You stumble backwards!
Aiming: Wall Jump
Press: ? - help, Dir - move target, p - dire elephant You repeatedly attack the dire elephant from above.
You hit the dire elephant but do no damage. x4
The dire elephant tramples you!!
You stumble backwards!
The dire elephant tramples you!!
* * * LOW HITPOINT WARNING * * *
You hold your ground!
The dire elephant trunk-slaps you!
You die...

......♣########'''########♣......
♣....###.................###....♣
#♣♣♣##...#####8.⌠.8#####...##♣♣♣#
####.###≈.###8.8###..###.####
###....#≈≈≈≈.#######.....#....###
....####.≈≈≈≈#...!##.....####....
.####.8#.≈≈≈≈'°○○$)#.....#..####.
.#.....'..≈≈≈'○Y○!=#.....'††...#.
8#....8##.≈≈##○°@?###...##†......
##''############### #############
..†.# ....# ..### #.# ###


You could see a dire elephant.

Vanquished Creatures
  A dire elephant (Lair:6)
  2 hydras
  A catoblepas (Lair:5)
  An alligator (Lair:6)
  2 anacondas (Lair:6)
  An unseen horror (D:10)
  An ugly thing (D:9)
  5 elephants (Lair:6)
  5 black mambas
  7 cane toads
  A torpor snail (Lair:3)
  3 rime drakes
  5 komodo dragons
  A troll (D:10)
  2 hornets
  17 blink frogs
  2 polar bears
  Prince Ribbit (D:8)
  A steam dragon (Lair:3)
  4 basilisks
  2 wyverns
  14 yaks
  A dancing weapon (D:6)
  3 nagas (Lair:2)
  Edmund (D:4)
  A swamp worm (Lair:3)
  8 water moccasins
  2 sky beasts
  A black bear (D:7)
  A swamp drake (Lair:3)
  4 ice beasts
  3 orc warriors
  An eye of draining (D:10)
  A necrophage (D:9)
  4 ogres
  2 phantoms (D:9)
  A centaur (D:5)
  21 wolves
  2 big kobolds (D:10)
  7 bullfrogs
  A wyvern zombie (D:10)
  A scorpion (D:7)
  A water moccasin skeleton (D:10)
  3 wights
  A howler monkey (D:8)
  2 electric eels
  7 orc wizards
  8 hounds
  A bullfrog skeleton (D:10)
  A jelly (D:10)
  7 orc priests
  7 iguanas
  7 worker ants
  A hound zombie (D:10)
  A mummy (D:7)
  A howler monkey skeleton (D:3)
  13 adders
  4 gnolls
  A shadow imp (D:8)
  3 white imps
  5 ufetubi
  An adder skeleton (D:4)
  2 worms
  5 leopard geckos
  28 orcs
  A bat zombie (D:3)
  8 giant cockroaches
  15 goblins
  7 hobgoblins
  23 jackals
  2 quokkas (D:8)
  A ball python (D:7)
  6 bats
  6 frilled lizards
  14 kobolds
  A leopard gecko skeleton (D:9)
  2 quokka skeletons (D:6)
  11 rats
  2 rat zombies (D:3)
354 creatures vanquished.

Vanquished Creatures (collateral kills)
  An ogre (D:7)
  An orc priest (D:5)
  A hound (D:10)
  An orc (D:8)
4 creatures vanquished.

Vanquished Creatures (others)
  2 dancing weapons
  44 fungi
  30 plants
76 creatures vanquished.

Grand Total: 434 creatures vanquished

Notes
Turn   | Place    | Note
-------+----------+-------------------------------------------
     0 | D:1      | RepoMan the Kobold Enchanter began the quest for the Orb.
     0 | D:1      | Reached XP level 1. HP: 10/10 MP: 3/3
   476 | D:1      | Reached XP level 2. HP: 15/15 MP: 5/5
   637 | D:1      | Learned a level 2 spell: Ensorcelled Hibernation
   883 | D:1      | Reached XP level 3. HP: 19/19 MP: 6/6
  1729 | D:2      | Found a shadowy altar of Dithmenos.
  1801 | D:2      | Reached skill level 5 in Stealth
  2052 | D:2      | Reached XP level 4. HP: 24/24 MP: 7/7
  2062 | D:2      | Found a white marble altar of Elyvilon.
  3510 | D:3      | Found an ancient bone altar of Kikubaaqudgha.
  3649 | D:3      | Reached skill level 1 in Fighting
  3649 | D:3      | Reached skill level 1 in Throwing
  3649 | D:3      | Reached XP level 5. HP: 29/29 MP: 8/8
  4344 | D:3      | Reached XP level 6. HP: 34/34 MP: 6/9
  4748 | D:4      | Noticed Sigmund
  4749 | D:4      | Noticed Sigmund
  4749 | D:4      | Sigmund changed into Sigmund the iguana
  4753 | D:4      | Killed Sigmund the iguana
  5476 | D:4      | Found a burning altar of Makhleb.
  6083 | D:5      | Entered Level 5 of the Dungeon
  6108 | D:5      | Reached XP level 7. HP: 40/40 MP: 10/10
  6116 | D:5      | Learned a level 3 spell: Tukima's Dance
  6218 | D:5      | Noticed Edmund
  6242 | D:4      | Killed Edmund
  6243 | D:4      | Reached skill level 5 in Short Blades
  6578 | D:5      | Found a staircase to the Ecumenical Temple.
  6590 | Temple   | Entered the Ecumenical Temple
  6689 | Temple   | Became a worshipper of the Wu Jian Council
  7015 | D:5      | Reached XP level 8. HP: 35/45 MP: 3/11
  7356 | D:6      | Found an opulent altar of Gozag.
  7644 | D:7      | Reached * piety under Wu Jian
  7937 | D:7      | Found a basalt altar of Yredelemnul.
  8039 | D:7      | Noticed a hornet
  8042 | D:7      | Killed a hornet
  8043 | D:7      | Reached skill level 5 in Hexes
  8043 | D:7      | Reached XP level 9. HP: 52/52 MP: 13/13
  8367 | D:7      | Found a snail-covered altar of Cheibriados.
  8881 | D:8      | Noticed a hornet
  8883 | D:8      | Killed a hornet
  8907 | D:8      | Found a sparkling altar of Nemelex Xobeh.
  8982 | D:8      | Reached ** piety under Wu Jian
  9172 | D:8      | Noticed Prince Ribbit
  9176 | D:8      | Killed Prince Ribbit
  9274 | D:8      | Reached skill level 5 in Fighting
  9274 | D:8      | Reached XP level 10. HP: 59/59 MP: 16/16
  9574 | D:9      | Got a flickering granite ring
  9575 | D:9      | Identified the ring of Bajonliel {*Slow +Fly rPois rN+
                  | Int+3} (You found it on level 9 of the Dungeon)
  9894 | D:9      | Noticed a red ugly thing
 10086 | D:9      | Killed a red ugly thing
 10087 | D:9      | Reached skill level 10 in Stealth
 10125 | D:9      | Reached skill level 10 in Short Blades
 10251 | D:9      | Noticed an ice devil
 10252 | D:9      | Noticed an ice devil
 10382 | D:9      | Noticed an ice devil
 10600 | D:9      | Found Acecum's Magic Scroll Shop.
 10603 | D:9      | Bought 3 scrolls of identify for 78 gold pieces
 10603 | D:9      | Bought a scroll of blinking for 97 gold pieces
 10603 | D:9      | Bought a scroll of identify for 26 gold pieces
 10603 | D:9      | Bought a scroll of identify for 26 gold pieces
 10603 | D:9      | Bought a scroll of amnesia for 45 gold pieces
 10603 | D:9      | Bought a scroll of magic mapping for 45 gold pieces
 10603 | D:9      | Bought a scroll of enchant weapon for 97 gold pieces
 10651 | D:9      | Noticed an ice devil
 10659 | D:9      | Noticed an ice devil
 10673 | D:9      | Noticed an ice devil
 10924 | D:10     | Entered Level 10 of the Dungeon
 11041 | D:10     | Reached *** piety under Wu Jian
 11279 | D:10     | Found Toegaoru's Antique Armour Emporium.
 11631 | D:10     | Reached **** piety under Wu Jian
 11696 | D:10     | Found a staircase to the Lair.
 11825 | D:10     | Killed an unseen horror
 11826 | D:10     | Reached XP level 11. HP: 15/66 MP: 1/17
 12010 | D:9      | Learned a level 3 spell: Confusing Touch
 12014 | D:9      | Learned a level 3 spell: Dazzling Flash
 12058 | Lair:1   | Entered Level 1 of the Lair of Beasts
 13256 | Lair:2   | Found a staircase to the Snake Pit.
 13473 | Lair:2   | Found a bloodstained altar of Trog.
 13754 | Lair:2   | Noticed an eight-headed hydra
 13762 | Lair:2   | Killed an eight-headed hydra
 14122 | Lair:3   | Reached skill level 10 in Hexes
 14132 | Lair:2   | Reached XP level 12. HP: 31/73 MP: 12/18
 14398 | Lair:3   | Reached skill level 5 in Dodging
 14547 | Lair:3   | Found a staircase to the Shoals.
 16201 | Lair:5   | Noticed a catoblepas
 16203 | Lair:5   | Killed a catoblepas
 16683 | Lair:5   | Found a viscous altar of Jiyva.
 16683 | Lair:5   | Found a staircase to the Slime Pits.
 17461 | Lair:6   | Entered Level 6 of the Lair of Beasts
 17635 | Lair:6   | Reached XP level 13. HP: 44/80 MP: 15/19
 18001 | Lair:6   | Learned a level 3 spell: Summon Guardian Golem
 18162 | Lair:6   | Noticed an anaconda
 18175 | Lair:6   | Killed an anaconda
 18344 | Lair:6   | Learned a level 2 spell: Blink
 18428 | Lair:6   | Noticed a four-headed hydra
 18431 | Lair:6   | Killed a four-headed hydra
 18526 | Lair:6   | Reached skill level 1 in Translocations
 18633 | Lair:6   | Got a shadowed robe
 18634 | Lair:6   | Identified the +1 robe "Biyd Rurch" {Str+5} (You found it
                  | on level 6 of the Lair of Beasts)
 19410 | Lair:6   | Noticed an anaconda
 19422 | Lair:6   | Killed an anaconda
 19463 | Lair:6   | Noticed a dire elephant
 19463 | Lair:6   | Noticed a dire elephant
 19496 | Lair:6   | Killed a dire elephant
 19522 | Lair:6   | Slain by a dire elephant

Illustrated notes

Levels and vault maps discovered:
D:1:      psy_arrival_spokes, layout_basic, minmay_pentomino_q4
D:2:      layout_basic, nicolae_dithmenos_shadow_blocks, elyvilon_altar_3
D:3:      minmay_angry_zag, layout_loops_ring, lemuel_zombie_altar_kikubaaqudgha
D:4:      layout_layer_cave, lemuel_crystal_altar, uniq_sigmund
D:5:      layout_gridville, minmay_temple_entry_grid, uniq_edmund
D:6:      layout_cave_pools, nicolae_gozag_cash_rules_everything_around_me,
          uniq_menkaure
D:7:      layout_loops_ring, slow_altar_1, old_standard_altar
D:8:      layout_loops_ring, nemelex_xobeh_ov_fountains_minmay,
          uniq_prince_ribbit1
D:9:      cheibrodos_frozen_isle, layout_loops_cross, serial_shops,
          kennysheep_mini
D:10:     layout_basic, erik_lair_island, serial_shops, shop_coins
Temple:   regret_index_temple_waves
Lair:1:   layout_small_grid, beast_lair_carwin_3
Lair:2:   layout_chaotic_city, guppyfry_snake_entry_island,
          amcnicky_altar_gilded
Lair:3:   statuecave_lemuel, layout_misc_corridors, shoals_dummy_entry,
          minivault_23, worms_lemuel, infiniplex_staircase_pool,
          lemuel_fruit_tree, serial_bayou_shore_b
Lair:4:   layout_loops_ring, grunt_megastairs_4
Lair:5:   layout_small_grid, dpeg_slime_entry_enclosed_altar
Lair:6:   due_jungle_book, layout_cave_pods, hangedman_lair_generics_rect

Skill      XL: |  1  2  3  4  5  6  7  8  9 10 11 12 13 |
---------------+----------------------------------------+-----
Short Blades   | 2 3 4 5 7 9 11 12 14 | 14.6
Stealth        | 5 6 7 8 9 10 11 13 14 | 14.9
Dodging        | 3 4 6 7 |  7.6
Fighting       | 1 2 3 5 6 7 8 9 |  9.5
Throwing       | 1 |  1.0
Hexes          | 4 5 6 8 10 11 | 11.1
Spellcasting   | 3 4 |  4.7
Translocations | 2 |  2.0

Action                   |  1- 3 |  4- 6 |  7- 9 | 10-12 | 13-15 || total
-------------------------+-------+-------+-------+-------+-------++-------
Melee: Dagger            |   103 |   111 |       |       |       ||   214
       Short sword       |       |   107 |   162 |   394 |   152 ||   815
       Rapier            |       |    10 |    10 |       |       ||    20
       Falchion          |       |       |       |    43 |       ||    43
Throw: Dart              |     9 |    15 |     9 |       |       ||    33
 Cast: Corona            |     3 |     1 |       |     8 |       ||    12
       Ensorcelled Hiber |     2 |    15 |     9 |    29 |    13 ||    68
       Tukima's Dance    |       |       |    18 |     3 |       ||    21
       Confusing Touch   |       |       |       |    23 |    18 ||    41
       Dazzling Flash    |       |       |       |     4 |     1 ||     5
       Summon Guardian G |       |       |       |       |     2 ||     2
Invok: Lunge             |       |       |    28 |    75 |    18 ||   121
       Whirlwind         |       |       |       |    42 |    16 ||    58
       Serpent's Lash    |       |       |       |     4 |     3 ||     7
 Abil: Wall Jump         |       |       |       |     8 |     4 ||    12
       Evoke Flight      |       |       |       |     1 |       ||     1
Evoke: Wand              |       |     2 |     9 |    12 |     1 ||    24
  Use: Scroll            |       |     9 |       |    13 |     4 ||    26
       Potion            |       |       |     2 |     6 |     1 ||     9
 Stab: Sleeping          |    17 |    18 |    30 |    60 |     9 ||   134
       Distracted        |     2 |     1 |     3 |    10 |     4 ||    20
       Paralysed         |       |       |     1 |       |       ||     1
       Confused          |       |       |       |    20 |    21 ||    41
       Invisible         |       |       |       |     6 |     1 ||     7
Armor: Robe              |     6 |    18 |    11 |     9 |       ||    44
       Troll leather arm |       |       |       |    26 |       ||    26
       Steam dragon scal |       |       |       |    11 |    18 ||    29
Dodge: Dodged            |    59 |   172 |    98 |   246 |    63 ||   638
       Rpst.: Falchion   |       |       |       |     5 |       ||     5
